 Dungeon Crawl Stone Soup version 0.29.0-4-gdea44cf6ec (webtiles) character file.

Game seed: 8898461734108935804

24 qw the Chopper (level 2, -3/24 HPs)
             Began as a Demonspawn Cinder Acolyte on Sept 9, 2022.
             Was a High Priest of Ignis.
             Slain by Terence
             ... wielding a +0 short sword
              (6 damage)
             ... on level 2 of the Dungeon.
             The game lasted 00:00:27 (1089 turns).

qw the Chopper (Demonspawn Cinder Acolyte)          Turns: 1089, Time: 00:00:27

Health: -3/24      AC:  9    Str: 14    XL:     2   Next: 79%
Magic:  3/3        EV: 11    Int: 15    God:    Ignis [*****.]
Gold:   82         SH:  0    Dex:  8    Spells: 3/3 levels left

rFire   + . .      SeeInvis .   Y - -1 hand axe (flame)
rCold   . . .      Faith    .   (no shield)
rNeg    . . .      Spirit   .   b - +0 robe
rPois   .          Reflect  .   (no helmet)
rElec   .          Harm     .   (no cloak)
rCorr   .          Rampage  .   (no gloves)
Will    .....                   (no boots)
Stlth   +.........              (no amulet)
HPRegen 0.08/turn               (no ring)
MPRegen 0.08/turn               (no ring)

@: fiery-armoured
A: claws 1
a: Renounce Religion, Fiery Armour, Foxfire Swarm, Rising Flame


You were on level 2 of the Dungeon.
You worshipped Ignis.
Ignis was extremely pleased with you.
You visited 1 branch of the dungeon, and saw 2 of its levels.

You collected 82 gold pieces.


Innate Abilities, Weirdness & Mutations

You have sharp fingernails.


   Skills:
 - Level 3.0 Fighting
 + Level 3.7 Axes
 - Level 1.0 Spellcasting
 - Level 2.6 Fire Magic


You had 3 spell levels left.
You didn't know any spells.
Your spell library contained the following spells:

 Spells                   Type           Power      Damage    Failure   Level
 Scorch                   Fire           16%        2d6       12%         2

Inventory:

Hand Weapons
 Y - a -1 hand axe of flaming (weapon)
Armour
 b - a +0 robe (worn)
Potions
 e - 2 potions of curing

Dungeon Overview and Level Annotations

Branches:
Dungeon (2/15)

Altars:

Annotations:
D:2 Terence


Message History

Terence barely misses you.
You hit Terence but do no damage.
Terence is heavily wounded.
Terence hits you with a +0 short sword.
You barely miss Terence.
Terence is heavily wounded.
Terence misses you.
You hit Terence. You burn Terence.
Terence is severely wounded.
Terence hits you with a +0 short sword.
You hit Terence but do no damage.
Terence is severely wounded.
Terence closely misses you.
You barely miss Terence.
Terence is severely wounded.
Terence hits you with a +0 short sword.
You completely miss Terence.
Terence is severely wounded.
Terence hits you with a +0 short sword.
1086 ||| INVOKING Fiery Armour.
A protective cloak of flame settles atop you.
Terence hits you but does no damage.
You completely miss Terence.
Terence is severely wounded.
Terence hits you with a +0 short sword.
Terence is burned by your cloak of flames.
Terence is severely wounded.
Terence hits you but does no damage.
Terence is burned by your cloak of flames.
Terence is severely wounded.
You closely miss Terence.
Terence is severely wounded.
Terence hits you with a +0 short sword.
Terence is burned by your cloak of flames.
Terence is almost dead.
You closely miss Terence.
Terence is almost dead.
Terence says, "Did you write a will?
You should..."
Terence hits you with a +0 short sword.
You die...

#.. #.# #.# #.# #.#
#.# #@# ##@########
#.........#
#...>.....#
#.........#########
#...............K..
#.........#########
#.........#
#..)#..)###
#...###..#


You could see Terence.

Vanquished Creatures
  A dart slug (D:1)
  3 endoplasms
  A hobgoblin (D:1)
  2 quokkas (D:1)
  6 ball pythons
  2 bats
  A frilled lizard (D:2)
  2 goblins (D:1)
  3 kobolds
  3 rats (D:1)
24 creatures vanquished.

Notes
Turn   | Place    | Note
-------+----------+-------------------------------------------
     0 | D:1      | qw the Demonspawn Cinder Acolyte began the quest for the
                  | Orb.
     0 | D:1      | Reached XP level 1. HP: 18/18 MP: 2/2
     0 | D:1      | 0 ||| qw: Version: 0.1-a-113-g051387a
     0 | D:1      | 0 ||| qw: Game counter: 7037
     0 | D:1      | 0 ||| qw: Always use a shield: true
     0 | D:1      | 0 ||| qw: God list: Okawaru
     0 | D:1      | 0 ||| qw: Allow faded altars: false
     0 | D:1      | 0 ||| qw: Do Orc after D:15 true
     0 | D:1      | 0 ||| qw: Do second Lair branch before Depths: true
     0 | D:1      | 0 ||| qw: Lair rune preference: random
     0 | D:1      | 0 ||| qw: Plans: Normal
     0 | D:1      | 0 ||| PLANNING D:1-11
    67 | D:1      | 67 ||| Stepping ~*~*~tactically~*~*~ (stealth).
    69 | D:1      | 69 ||| Stepping ~*~*~tactically~*~*~ (stealth).
   229 | D:1      | Reached skill level 3 in Axes
   254 | D:1      | 254 ||| Stepping ~*~*~tactically~*~*~ (hiding).
   358 | D:1      | Gained mutation: You have sharp fingernails. [demonic
                  | ancestry]
   358 | D:1      | Reached XP level 2. HP: 24/24 MP: 3/3
   467 | D:1      | Found a faded altar of an unknown god.
   597 | D:1      | 597 ||| Stepping ~*~*~tactically~*~*~ (stealth).
   922 | D:1      | 922 ||| READING scroll labelled TYOVOTR TOXOO.
   923 | D:1      | 923 ||| DRINKING 3 fizzy white potions.
   924 | D:1      | 924 ||| DROPPING scroll of immolation.
   941 | D:2      | 941 ||| STAIRDANCE
  1012 | D:2      | 1012 ||| FLEEEEING.
  1013 | D:2      | 1013 ||| FLEEEEING.
  1014 | D:2      | 1014 ||| FLEEEEING.
  1015 | D:2      | 1015 ||| FLEEEEING.
  1016 | D:2      | 1016 ||| FLEEEEING.
  1017 | D:2      | 1017 ||| FLEEEEING.
  1018 | D:2      | 1018 ||| FLEEEEING.
  1019 | D:2      | 1019 ||| FLEEEEING.
  1020 | D:2      | 1020 ||| FLEEEEING.
  1025 | D:2      | 1025 ||| STAIRDANCE
  1070 | D:2      | Noticed Terence
  1086 | D:2      | 1086 ||| INVOKING Fiery Armour.
  1087 | D:2      | HP: 4/24 [Terence/+0 short sword (6)]
  1089 | D:2      | Slain by Terence

Levels and vault maps discovered:
D:1:      shiori_shiawase, layout_basic, hellmonk_ecumenical_altar_blasted
D:2:      layout_basic, minmay_puff, uniq_terence, uniq_natasha

Skill      XL: |  1 |
---------------+----+-----
Axes           | 3 |  3.7
Fighting       | |  3.0
Spellcasting   | |  1.0
Fire Magic     | |  2.6

Action                   || total
-------------------------++-------
Melee: Hand axe          ||    68
       Punch             ||     2
Invok: Fiery Armour      ||     1
  Use: Scroll            ||     1
       Potion            ||     1
Armor: Robe              ||     9
Dodge: Dodged            ||    31

Table legend:
 A = Non-vault XP
 B = Vault XP
 C = Vault XP percentage of total XP
 D = Non-vault monster count
 E = Vault monster count
 F = Vault count percentage of total count
                 A         B        C        D         E       F
            +---------+---------+-------+---------+---------+-------
      Total |      35 |       0 |   0.0 |      24 |       0 |   0.0
            +---------+---------+-------+---------+---------+-------
        D:1 |      28 |       0 |   0.0 |      19 |       0 |   0.0
        D:2 |       7 |       0 |   0.0 |       5 |       0 |   0.0
            +---------+---------+-------+---------+---------+-------
